 Dungeon Crawl Stone Soup version 0.17.0-25-gefc9c12 (webtiles) character file.

700 4thArraOfDagon the Chopper (level 7, -1/40 HPs)
             Began as a Gargoyle Gladiator on Nov 18, 2015.
             Killed by divine providence
             ... invoked by an orc priest
              (13 damage)
             ... on level 7 of the Dungeon.
             The game lasted 00:07:26 (1241 turns).

4thArraOfDagon the Chopper (Gargoyle Gladiator)     Turns: 1241, Time: 00:07:26

Health: -1/40      AC: 13    Str: 20    XL:     7   Next: 65%
Magic:  7/7        EV:  7    Int: 14    God:
Gold:   141        SH:  5    Dex: 10    Spells: 0 memorised, 6 levels left

rFire  . . .     SeeInvis .     b - +1 hand axe (elec)
rCold  . . .     Clarity  .     o - +0 chain mail
rNeg   + . .     SustAt   .     i - +2 buckler
rPois  ∞         Gourm    .     c - +0 helmet
rElec  +         Spirit   .     (no cloak)
rCorr  .         Warding  .     (no gloves)
rMut   .         Stasis   .     (no boots)
MR     +....                    (no amulet)
Stlth  ..........               q - ring of flight
                                p - ring of protection from magic

@: brilliant, somewhat resistant to hostile enchantments, extremely unstealthy
A: negative energy resistance 1, electricity resistance, unbreathing,
petrification resistance, rot immunity, AC +4
a: Evoke Flight


You were on level 7 of the Dungeon.
You were not hungry.

You visited 1 branch of the dungeon, and saw 7 of its levels.

You collected 141 gold pieces.

Inventory:

Hand Weapons
 a - a +0 quarterstaff
 b - a +1 hand axe of electrocution (weapon)
 l - a +4 hand axe
Missiles
 w - 5 javelins (quivered)
Armour
 c - a +0 helmet (worn)
 i - a +2 buckler (worn)
 o - a +0 chain mail (worn)
Jewellery
 p - a ring of protection from magic (left hand)
 q - a ring of flight (right hand)
Wands
 v - a wand of digging (4)
Scrolls
 h - 2 scrolls of remove curse
 k - a scroll of teleportation
Potions
 g - a potion of haste
 n - a potion of flight
Books
 u - a book of Clouds

   Spells                             Type                      Level
   a - Mephitic Cloud                 Conjuration/Poison/Air       3
   b - Conjure Flame                  Conjuration/Fire             3
   c - Poisonous Cloud                Conjuration/Poison/Air       6
   d - Freezing Cloud                 Conjuration/Ice/Air          6
   e - Ring of Flames                 Charms/Fire                  7
Comestibles
 d - 5 chunks of flesh
 e - 2 bread rations
 f - 2 meat rations
 j - 2 beef jerkies
 r - 4 fruits
 s - a slice of pizza


   Skills:
 - Level 2.5 Fighting
 * Level 7.0 Axes
 - Level 3.6 Staves
 - Level 1.7 Throwing
 - Level 2.5 Dodging


You had 6 spell levels left.
You didn't know any spells.

Dungeon Overview and Level Annotations

Branches:
Dungeon (7/15)
 Temple: D:4-7

Altars:
Elyvilon
Gozag
Qazlal
Ru
Sif Muna
Trog
Yredelemnul
The Shining One

Annotations:
D:2 Ijyb
D:5 Eustachio


Innate Abilities, Weirdness & Mutations

You are resistant to torment.
Your stone body is resilient (AC +4).
You are immune to poison.
You resist negative energy.
You are resistant to electric shocks.
You can survive without breathing.
You are immune to petrification.
You are immune to rotting.


Message History

You are too injured to fight recklessly!
You hit the orc priest.
There is a sudden explosion of sparks!
You kill the orc priest!
Your Axes skill increases to level 7!
Unknown command.
Drink which item? (? for menu, Esc to quit)
It was a potion of brilliance.
You feel clever all of a sudden.
The orc priest hits you but does no damage.
Unknown command.
Your chain mail prevents you from hitting the orc priest.
The orc priest hits you but does no damage.
You hit the orc priest.
The orc priest is lightly wounded.
The orc priest hits you but does no damage.
You closely miss the orc priest.
The orc priest is lightly wounded.
The orc priest mumbles some strange prayers to Beogh against you.
Something smites you!
You die...

#..# #..# #..#
#..# #..# #..#
#..#
#..#########
#.oo@.......
##.#####....
#.# #
#.oo..o%..!..#
#####...######
#...# #...#
##.## #.#


You could see an orc priest and an orc.

Vanquished Creatures
  2 ice beasts (D:5)
  A centaur (D:7)
  An ogre (D:5)
  A hound (D:4)
  2 orc wizards
  A giant frog skeleton (D:7)
  An iguana (D:5)
  3 orc priests
  A worker ant (D:5)
  A hound zombie (D:5)
  An adder (D:3)
  The ghost of 4thArraOfDagon the Caller, a weakling MiSu (D:3)
  12 orcs
  A giant cockroach (D:5)
  4 hobgoblins
  4 jackals (D:3)
  3 quokkas (D:3)
  7 bats
  3 goblins
  3 rats
53 creatures vanquished.

Vanquished Creatures (others)
  An ooze (D:3)
1 creature vanquished.

Grand Total: 54 creatures vanquished

Notes
Turn   | Place    | Note
--------------------------------------------------------------
     0 | D:1      | 4thArraOfDagon the Gargoyle Gladiator began the quest for the Orb.
     0 | D:1      | Reached XP level 1. HP: 12/12 MP: 1/1
   110 | D:2      | Found a faded altar to an unknown god.
   175 | D:2      | Found a sacrificial altar of Ru.
   178 | D:2      | Reached XP level 2. HP: 18/18 MP: 2/2
   193 | D:2      | Noticed Ijyb
   232 | D:3      | Found an opulent altar of Gozag.
   263 | D:3      | Found a white marble altar of Elyvilon.
   283 | D:3      | Reached XP level 3. HP: 19/22 MP: 3/3
   286 | D:3      | Found a deep blue altar of Sif Muna.
   319 | D:3      | Reached skill level 1 in Axes
   574 | D:4      | Reached XP level 4. HP: 23/27 MP: 4/4
   624 | D:5      | Entered Level 5 of the Dungeon
   636 | D:5      | Noticed a phantom
   655 | D:4      | Found a stormy altar of Qazlal.
   735 | D:3      | Noticed 4thArraOfDagon's ghost (weakling MiSu)
   753 | D:3      | Found a bloodstained altar of Trog.
   800 | D:3      | Found a basalt altar of Yredelemnul.
   805 | D:3      | Found a glowing golden altar of the Shining One.
   808 | D:3      | Noticed an angel
   817 | D:3      | Killed 4thArraOfDagon's ghost
   879 | D:5      | Noticed an ice beast
   880 | D:5      | Noticed an orc warrior
   889 | D:5      | Noticed an ogre
   899 | D:5      | Killed an ogre
   899 | D:5      | Reached XP level 5. HP: 10/31 MP: 5/5
   916 | D:5      | Killed an ice beast
   916 | D:5      | Reached skill level 4 in Axes
   916 | D:5      | Reached XP level 6. HP: 13/36 MP: 6/6
   921 | D:5      | Noticed an ice beast
   928 | D:5      | Killed an ice beast
   928 | D:5      | Reached skill level 5 in Axes
   935 | D:6      | Noticed a human
   938 | D:6      | Noticed a human
   975 | D:5      | Reached XP level 7. HP: 21/40 MP: 7/7
  1024 | D:5      | Reached skill level 6 in Axes
  1060 | D:5      | Noticed Eustachio
  1237 | D:7      | Reached skill level 7 in Axes
  1241 | D:7      | Killed from afar by an orc priest

Action                   |  1- 3 |  4- 6 |  7- 9 || total
-------------------------+-------+-------+-------++-------
Melee: Quarterstaff      |    32 |       |       ||    32
       Hand axe          |    37 |    56 |    54 ||   147
       War axe           |       |     9 |       ||     9
Throw: Throwing net      |       |     3 |       ||     3
  Use: Scroll            |       |     8 |     1 ||     9
       Potion            |       |     1 |     1 ||     2
 Stab: Held in net/web   |       |     1 |       ||     1
  Eat: Chunk             |       |       |     1 ||     1
